 Dungeon Crawl Stone Soup version 0.29.0-4-gdea44cf6ec (webtiles) character file.

Game seed: 3728778185237853435

204 qw the Chopper (level 5, -3/30 HPs)
             Began as a Tengu Warper on Aug 28, 2022.
             Slain by Eustachio
             ... wielding a +0 falchion
              (8 damage)
             ... on level 4 of the Dungeon.
             The game lasted 00:00:21 (4057 turns).

qw the Chopper (Tengu Warper)                       Turns: 4057, Time: 00:00:21

Health: -3/30      AC:  6    Str: 13    XL:     5   Next: 82%
Magic:  3/3        EV: 11    Int: 14    God:
Gold:   263        SH:  0    Dex: 13    Spells: 8/8 levels left

rFire   . . .      SeeInvis .   k - +1 war axe (antimagic)
rCold   . . .      Faith    .   (no shield)
rNeg    . . .      Spirit   .   h - +0 scale mail
rPois   .          Reflect  .   (helmet restricted)
rElec   .          Harm     .   (no cloak)
rCorr   .          Rampage  .   (no gloves)
Will    .....                   (boots unavailable)
Stlth   ..........              (no amulet)
HPRegen 0.10/turn               (no ring)
MPRegen 0.08/turn               (no ring)

@: flying quickly and evasively, quick
A: beak, talons 3, nimble flight
a: no special abilities


You were on level 4 of the Dungeon.
You visited 1 branch of the dungeon, and saw 4 of its levels.

You collected 263 gold pieces.


Innate Abilities, Weirdness & Mutations

You have a beak for a mouth.
You have claws for feet.
Your magical nature lets you fly swiftly and evasively.


   Skills:
 - Level 2.0 Fighting
 + Level 6.4 Axes
 - Level 1.0 Throwing
 - Level 1.1 Armour
 - Level 2.1 Dodging
 - Level 2.0 Spellcasting
 - Level 2.4 Translocations


You had 8 spell levels left.
You didn't know any spells.
Your spell library contained the following spells:

 Spells                   Type           Power      Damage    Failure   Level
 Blink                    Tloc           16%        N/A       54%         2
 Gell's Gravitas          Tloc           8%         N/A       78%         3
 Lesser Beckoning         Tloc           8%         N/A       78%         3
 Teleport Other           Tloc           8%         N/A       78%         3
 Manifold Assault         Tloc           8%         N/A       100%        5

Inventory:

Hand Weapons
 d - a +0 flail
 k - a +1 antimagic war axe (weapon)
Missiles
 c - 5 boomerangs
 g - 10 javelins (quivered)
Armour
 h - a +0 scale mail (worn)
Scrolls
 b - a scroll of butterflies {unknown}
 e - 3 scrolls of identify
 i - 2 scrolls of teleportation
 l - a scroll of poison {unknown}
Potions
 a - a potion of curing
 f - a potion of might
 j - a potion of haste

Dungeon Overview and Level Annotations

Branches:
Dungeon (4/15)
 Temple: D:4-7

Altars:
Hepliaklqana
Makhleb
Qazlal

Annotations:
D:4 Eustachio


Message History

Press: ? - help, Q - select action, (/) - cycle Shift-Dir - straight line, f/p - orc You throw a javelin.
The javelin pierces through the orc.
The orc is heavily wounded.
Throw: 8 javelins
Press: ? - help, Q - select action, (/) - cycle Shift-Dir - straight line, f/p - orc You throw a javelin.
The javelin pierces through the orc.
You kill the orc!
k - a +1 antimagic war axe;
l - a scroll labelled GIANKA WU URGH You now have 248 gold pieces (gained 8).
4024 ||| SWAPPING to +1 antimagic war axe.
You feel magic leave you.
k - a +1 antimagic war axe (weapon)
4025 ||| DROPPING +0 hand axe.
You drop a +0 hand axe.
You now have 263 gold pieces (gained 15).
g - 8 javelins (gained 1)
g - 9 javelins (gained 1)
g - 10 javelins (gained 1)
4048 ||| Stepping ~*~*~tactically~*~*~ (hiding).
You start waiting.
Eustachio is nearby!
Eustachio hits you with a +0 falchion.
You slash Eustachio!
Eustachio's magic leaks into the air.
You claw Eustachio. Your peck misses Eustachio.
Eustachio is moderately wounded.
Eustachio hits you with a +0 falchion!
You hit Eustachio.
Eustachio's magic leaks into the air.
You claw Eustachio. You peck Eustachio.
Eustachio is moderately wounded.
Eustachio hits you with a +0 falchion.
You hit Eustachio.
Eustachio's magic leaks into the air.
Your kick misses Eustachio.
Eustachio is heavily wounded.
Eustachio closely misses you.
You barely miss Eustachio. You claw Eustachio, but do no damage.
Your peck misses Eustachio.
Eustachio is heavily wounded.
Eustachio hits you with a +0 falchion!
Eustachio twirls his moustache.
Eustachio hits you with a +0 falchion!
You die...

#...¤~~~¤.~~~~.....#
########...¤¤¤¤..¤........#
..........¤.~~~~.~¤¤~.....#
#####.....#¤~....¤.¤~.....#
#.......¤.¤~.~~.~.....#
#....#....~...~...#+###
#######.¤~~._.~~¤.#
#.............
##@##.#######.# #@.#.# .#
##... ...# ...# ...# ...#
#####.#
###############..?..#


You could see Eustachio (magic disrupted).

Vanquished Creatures
  An orc priest (D:4)
  Natasha (D:3)
  2 orc wizards (D:4)
  A gnoll (D:1)
  An ufetubus (D:3)
  A worm (D:2)
  3 dart slugs (D:2)
  6 orcs (D:4)
  5 ball pythons
  6 endoplasms
  5 giant cockroaches
  10 goblins
  5 hobgoblins
  3 jackals (D:1)
  5 kobolds
  A quokka (D:1)
  3 bats
  4 frilled lizards
  3 rats
66 creatures vanquished.

Vanquished Creatures (others)
  5 toadstools (D:4)
5 creatures vanquished.

Grand Total: 71 creatures vanquished

Notes
Turn   | Place    | Note
-------+----------+-------------------------------------------
     0 | D:1      | qw the Tengu Warper began the quest for the Orb.
     0 | D:1      | Reached XP level 1. HP: 12/12 MP: 4/4
     0 | D:1      | 0 ||| qw: Version: 0.1-a-89-g26bdef1
     0 | D:1      | 0 ||| qw: Game counter: 463
     0 | D:1      | 0 ||| qw: Always use a shield: true
     0 | D:1      | 0 ||| qw: God list: Okawaru
     0 | D:1      | 0 ||| qw: Allow faded altars: false
     0 | D:1      | 0 ||| qw: Do Orc after D:15 true
     0 | D:1      | 0 ||| qw: Do second Lair branch before Depths: true
     0 | D:1      | 0 ||| qw: Lair rune preference: random
     0 | D:1      | 0 ||| qw: Plans: Normal
     0 | D:1      | 0 ||| PLANNING D:1-11
    59 | D:1      | 59 ||| DROPPING +0 club.
    83 | D:1      | Reached skill level 3 in Axes
    83 | D:1      | Reached XP level 2. HP: 17/17 MP: 6/6
    85 | D:1      | 85 ||| DROPPING +0 whip.
   109 | D:1      | 109 ||| Stepping ~*~*~tactically~*~*~ (stealth).
   111 | D:1      | 111 ||| Stepping ~*~*~tactically~*~*~ (stealth).
   113 | D:1      | 113 ||| Stepping ~*~*~tactically~*~*~ (stealth).
   115 | D:1      | 115 ||| Stepping ~*~*~tactically~*~*~ (stealth).
   118 | D:1      | 118 ||| Stepping ~*~*~tactically~*~*~ (stealth).
   119 | D:1      | 119 ||| Stepping ~*~*~tactically~*~*~ (stealth).
   122 | D:1      | 122 ||| Stepping ~*~*~tactically~*~*~ (stealth).
   123 | D:1      | 123 ||| Stepping ~*~*~tactically~*~*~ (stealth).
   124 | D:1      | 124 ||| Stepping ~*~*~tactically~*~*~ (stealth).
   238 | D:1      | Reached XP level 3. HP: 21/21 MP: 7/7
   383 | D:1      | Reached skill level 4 in Axes
   537 | D:1      | 537 ||| Stepping ~*~*~tactically~*~*~ (stealth).
   539 | D:1      | 539 ||| Stepping ~*~*~tactically~*~*~ (stealth).
   568 | D:1      | 568 ||| Stepping ~*~*~tactically~*~*~ (stealth).
   574 | D:1      | 574 ||| Stepping ~*~*~tactically~*~*~ (stealth).
   597 | D:1      | Found a faded altar of an unknown god.
   806 | D:1      | 806 ||| UPGRADING to +0 scale mail.
   816 | D:1      | 816 ||| DROPPING +0 leather armour.
   817 | D:1      | 817 ||| DROPPING amulet of magic regeneration.
   818 | D:1      | 818 ||| READING scroll labelled SEIJABU LAFFUA.
   819 | D:1      | 819 ||| READING scroll labelled ZOLOXT EDIUC.
   820 | D:1      | 820 ||| READING 3 scrolls labelled FAUGOA GASOTAR.
   823 | D:1      | 823 ||| DROPPING scroll of blinking.
   867 | D:2      | Found a stormy altar of Qazlal.
   921 | D:2      | 921 ||| Stepping ~*~*~tactically~*~*~ (hiding).
  1124 | D:2      | 1124 ||| Stepping ~*~*~tactically~*~*~ (hiding).
  1131 | D:2      | Reached XP level 4. HP: 26/26 MP: 8/8
  1258 | D:2      | 1258 ||| Stepping ~*~*~tactically~*~*~ (stealth).
  1941 | D:2      | 1941 ||| READING scroll labelled ASKOSY BUHYB.
  1942 | D:2      | 1942 ||| READING 2 scrolls labelled OKKIOF KITEERR.
  1943 | D:2      | 1943 ||| READING 2 scrolls labelled XEGGOOL LOYD.
  1944 | D:2      | 1944 ||| DRINKING 2 murky dark potions.
  1945 | D:2      | 1945 ||| DRINKING 2 metallic emerald potions.
  1987 | D:2      | 1987 ||| READING 2 scrolls of identify.
  1987 | D:2      | 1987 ||| IDENTIFYING metallic cyan potion
  1988 | D:2      | 1988 ||| DROPPING scroll of vulnerability.
  1989 | D:2      | 1989 ||| DROPPING scroll of fear.
  1990 | D:2      | 1990 ||| DROPPING potion of lignification.
  2122 | D:3      | Reached skill level 5 in Axes
  2393 | D:3      | Noticed Natasha
  2401 | D:3      | HP: 6/26 [Natasha (7)]
  2402 | D:3      | 2402 ||| READING 3 scrolls of teleportation.
  3058 | D:3      | 3058 ||| READING scroll labelled KAYXZOTEXU.
  3059 | D:3      | 3059 ||| READING 4 scrolls of identify.
  3059 | D:3      | 3059 ||| IDENTIFYING glowing orange potion
  3105 | D:4      | Gained mutation: Your magical nature lets you fly swiftly
                  | and evasively. [Tengu growth]
  3105 | D:4      | Reached XP level 5. HP: 12/30 MP: 9/9
  3107 | D:4      | 3107 ||| FLEEEEING.
  3109 | D:4      | 3109 ||| FLEEEEING.
  3110 | D:4      | 3110 ||| STAIRDANCE
  3129 | D:3      | Killed Natasha
  3130 | D:3      | Reached skill level 6 in Axes
  3403 | D:4      | Noticed Eustachio
  3411 | D:4      | HP: 2/30 [Eustachio/puff of flame (9)]
  3412 | D:4      | 3412 ||| READING 3 scrolls of teleportation.
  3706 | D:4      | HP: 4/30 [orc priest/divine providence (10)]
  3707 | D:4      | 3707 ||| READING 2 scrolls of teleportation.
  3986 | D:4      | Found a hazy altar of Hepliaklqana.
  3991 | D:4      | Found a burning altar of Makhleb.
  4024 | D:4      | 4024 ||| SWAPPING to +1 antimagic war axe.
  4025 | D:4      | 4025 ||| DROPPING +0 hand axe.
  4048 | D:4      | 4048 ||| Stepping ~*~*~tactically~*~*~ (hiding).
  4057 | D:4      | HP: 5/30 [Eustachio/+0 falchion (9)]
  4057 | D:4      | Slain by Eustachio

Levels and vault maps discovered:
D:1:      elethiomel_arrival_quiet, layout_rooms,
          shapermc_ecumenical_altar_mp_highgroup, amcnicky_mini_corridor_feature
D:2:      layout_basic, basic_altar, serial_aquarium, aquarium_bridge_square
          [aquarium_subvault_wall, aquarium_subvault_bridge,
          aquarium_subvault_window, aquarium_subvault_bridge],
          aquarium_bridge_long_separate [aquarium_subvault_bridge,
          aquarium_subvault_bridge, aquarium_subvault_bridge,
          aquarium_subvault_wall, aquarium_subvault_bridge,
          aquarium_subvault_bridge], aquarium_window_1, aquarium_window_fake,
          aquarium_window_fake, aquarium_window_1, aquarium_view_2f,
          aquarium_view_2b, kennysheep_generic_room_15
D:3:      layout_basic, uniq_natasha
D:4:      cheibrodos_fertilizer, layout_basic, lemuel_coloured_pillars_altar,
          mainiacjoe_overflow_large_starburst, kennysheep_orc_chapel,
          uniq_pargi, uniq_eustachio

Skill      XL: |  1  2  3  4  5 |
---------------+----------------+-----
Axes           | 3 4 5 6 |  6.4
Fighting       | |  2.0
Throwing       | |  1.0
Armour         | |  1.1
Dodging        | |  2.1
Spellcasting   | |  2.0
Translocations | |  2.4

Action                   |  1- 3 |  4- 6 || total
-------------------------+-------+-------++-------
Melee: Hand axe          |    48 |    74 ||   122
       Peck              |     6 |    13 ||    19
       Kick              |     9 |    29 ||    38
       Punch             |       |     2 ||     2
       War axe           |       |     4 ||     4
Throw: Boomerang         |     7 |       ||     7
       Javelin           |    24 |    23 ||    47
  Use: Scroll            |     3 |     9 ||    12
       Potion            |       |     2 ||     2
 Stab: Distracted        |     1 |       ||     1
Armor: Leather armour    |     2 |       ||     2
       Scale mail        |     3 |    25 ||    28
Dodge: Dodged            |    24 |    48 ||    72

Table legend:
 A = Non-vault XP
 B = Vault XP
 C = Vault XP percentage of total XP
 D = Non-vault monster count
 E = Vault monster count
 F = Vault count percentage of total count
                 A         B        C        D         E       F
            +---------+---------+-------+---------+---------+-------
      Total |     207 |      85 |  29.1 |      61 |       5 |   7.6
            +---------+---------+-------+---------+---------+-------
        D:1 |      62 |       0 |   0.0 |      28 |       0 |   0.0
        D:2 |      39 |       0 |   0.0 |      16 |       0 |   0.0
        D:3 |      19 |      35 |  64.8 |       8 |       1 |  11.1
        D:4 |      87 |      50 |  36.5 |       9 |       4 |  30.8
            +---------+---------+-------+---------+---------+-------
